 Dungeon Crawl Stone Soup version 0.19-a0-700-gd2fa977 (webtiles) character file.

8992 Hercules the Quickloader (level 11, 0/74 HPs)
             Began as a Gargoyle Hunter on June 19, 2016.
             Was a High Priest of Okawaru.
             Slain by krfreak's ghost (14 damage)
             ... on level 11 of the Dungeon.
             The game lasted 00:32:18 (11933 turns).

Hercules the Quickloader (Gargoyle Hunter)         Turns: 11933, Time: 00:32:18

Health: 0/74       AC: 22    Str: 18    XL:     11   Next: 39%
Magic:  10/11      EV: 13    Int: 13    God:    Okawaru [*****.]
Gold:   625        SH:  0    Dex: 10    Spells: 0 memorised, 10 levels left

rFire  + . .     SeeInvis +     a - +1 hand crossbow
rCold  + . .     Gourm    .     s - +2 ring mail {rC+}
rNeg   + . .     Faith    .     (no shield)
rPois  ∞         Spirit   .     I - +2 hat of Existentialism {SInv}
rElec  +         Dismiss  .     (no cloak)
rCorr  .         Reflect  .     (no gloves)
SustAt .         Harm     .     J - +2 pair of boots
MR     .....                    (no amulet)
Stlth  ++........               (no ring)
                                (no ring)

@: not resistant to hostile enchantments, unstealthy
A: camouflage 1, fire resistance 1, negative energy resistance 1, robust 1,
electricity resistance, unbreathing, petrification resistance, rot immunity, AC
+7
a: Heroism, Finesse, Renounce Religion


You were on level 11 of the Dungeon.
You worshipped Okawaru.
Okawaru was extremely pleased with you.
You were not hungry.

You visited 1 branch of the dungeon, and saw 11 of its levels.

You collected 625 gold pieces.

Inventory:

Hand Weapons
 a - a +1 hand crossbow (weapon)
 b - a +1 short sword of venom
 c - a +2 dagger of holy wrath
 A - a +2 vampiric rapier
Missiles
 d - 147 bolts (quivered)
Armour
 s - a +2 ring mail of cold resistance (worn)
 D - the +0 leather armour of Figexetu {rElec Int+5 Slay-4}
   (You found it on level 6 of the Dungeon)

   It affects your intelligence (+5).
   It affects your accuracy and damage with ranged weapons and melee attacks
   (-4).
   It insulates you from electricity.
 I - the +2 hat of Existentialism (worn) {SInv}
   (You found it on level 8 of the Dungeon)

   It lets you see invisible.
 J - a +2 pair of boots (worn)
Jewellery
 e - an uncursed ring of fire
 p - an uncursed amulet of the gourmand
Wands
 n - a wand of random effects (48/48)
 q - a wand of disintegration (3/24)
 t - a wand of iceblast (4/15)
 v - a wand of lightning (1/15)
 C - a wand of polymorph (14/24)
 F - a wand of polymorph (7/24)
Scrolls
 k - 5 scrolls of enchant weapon
 m - 6 scrolls of remove curse
 r - 6 scrolls of identify
 w - 2 scrolls of fog
 y - a scroll of fear
 B - a scroll of enchant armour
 H - a scroll of amnesia
Potions
 h - a potion of magic
 i - a potion of curing
 j - 3 potions of flight
 o - 2 potions of brilliance
 u - a potion of agility
Books
 l - a book of Beasts

   Spells                             Type                      Level
   a - Summon Butterflies             Summoning                    1
   b - Call Canine Familiar           Summoning                    3
   c - Summon Ice Beast               Ice/Summoning                4
   d - Summon Mana Viper              Hexes/Summoning              5
   e - Summon Hydra                   Summoning                    7
 G - a book of Summonings

   Spells                             Type                      Level
   a - Recall                         Summoning/Translocation      3
   b - Aura of Abjuration             Summoning                    5
   c - Summon Demon                   Summoning                    5
   d - Summon Forest                  Summoning/Translocation      5
   e - Summon Mana Viper              Hexes/Summoning              5
   f - Shadow Creatures               Summoning                    6
 K - a book of Changes

   Spells                             Type                      Level
   a - Beastly Appendage              Transmutation                1
   b - Sticks to Snakes               Transmutation                2
   c - Spider Form                    Transmutation/Poison         3
   d - Ice Form                       Ice/Transmutation            4
   e - Blade Hands                    Transmutation                5
Comestibles
 f - 10 bread rations
 g - 5 meat rations
 x - 6 beef jerkies
 z - a royal jelly
 L - 9 chunks of flesh


   Skills:
 + Level 7.9 Fighting
 - Level 0.6 Short Blades
 + Level 12.4 Crossbows
 + Level 9.6 Armour
 - Level 5.0 Dodging
 - Level 1.1 Stealth


You had 10 spell levels left.
You didn't know any spells.

Dungeon Overview and Level Annotations

Branches:
Dungeon (11/15)            Temple (0/1) D:4            Lair (0/6) D:9
    Orc: D:9-12

Altars:
Cheibriados
Dithmenos
Nemelex Xobeh
Okawaru
Pakellas
Qazlal
Ru
Yredelemnul

Shops:
D:4 [   D:7 %

Portals:
Trove: D:10 (give +8 demon blade)

Annotations:
D:11 krfreak's ghost, journeyman TrWr


Innate Abilities, Weirdness & Mutations

You are resistant to torment.
Your stone body is resilient. (AC +7)
You are immune to poison.
You resist negative energy. (rN+)
You are resistant to electric shocks. (rElec)
You can survive without breathing.
You are immune to petrification.
You are immune to rotting.
Your skin changes colour to match your surroundings (Stealth+).
Your flesh is heat resistant. (rF+)
You are robust. (+10% HP)


Message History

The wraith is severely damaged.
The wraith hits you but does no damage.
Krfreak's ghost hits you but does no damage.
The wraith hits you. The wraith drains your vigour!
You feel as though you will be slow longer.
Krfreak's ghost hits you!!
* * * LOW HITPOINT WARNING * * *
Okay, then.
Okay, then.
You feel agile all of a sudden.
You feel like a meek peon again. The wraith completely misses you.
The unseen horror completely misses you.
Krfreak's ghost hits you but does no damage.
An unseen horror comes into view.
Your magical effects are unravelling.
You feel magically purged.
You feel yourself speed up.
You feel a little less agile now.
The unseen horror hits you but does no damage.
The wraith barely misses you. Krfreak's ghost hits you!
You die...

#................
#.........#######
#.........#
#.........#
#.........########
#......)..........
.#####..#####...
#.W# #W@#
...((...#
...(.....
######.x.. #..###
#..# ...# ....


You could see an unseen horror (invisible), a wraith and krfreak's ghost.

Vanquished Creatures
  Snorg (D:10)
  Erolcha (D:9)
  3 hill giants (D:10)
  The ghost of Laan the Destroyer, a novice GrWz (D:7)
  A griffon (D:10)
  Grinder (D:4)
  A troll (D:10)
  Sigmund (D:4)
  Grum (D:8)
  A hippogriff (D:10)
  Menkaure (D:4)
  Duvessa (D:5)
  2 orc warriors
  A wasp (D:9)
  A sky beast (D:9)
  A black bear (D:8)
  3 wolves (D:8)
  2 phantoms
  8 ogres
  A crocodile (D:11)
  10 centaurs
  A big kobold (D:9)
  5 giant frogs
  Dowan (D:5)
  A scorpion (D:9)
  4 killer bees (D:7)
  2 howler monkeys (D:10)
  4 crimson imps
  2 hounds
  2 jellies
  7 orc priests
  8 orc wizards
  A gnoll shaman (D:9)
  An iguana (D:6)
  4 worker ants
  2 hound zombies
  6 adders
  A howler monkey skeleton (D:10)
  7 gnolls
  2 shadow imps
  3 adder skeletons
  A worm (D:3)
  2 dart slugs
  5 giant geckos
  39 orcs
  2 ball pythons
  9 giant cockroaches
  7 goblins
  7 hobgoblins
  13 jackals
  15 kobolds
  4 quokkas
  10 bats
  3 giant newts
  A jackal zombie (D:8)
  A quokka skeleton (D:7)
  6 rats
232 creatures vanquished.

Notes
Turn   | Place    | Note
--------------------------------------------------------------
     0 | D:1      | Hercules the Gargoyle Hunter began the quest for the Orb.
     0 | D:1      | Reached XP level 1. HP: 12/12 MP: 1/1
   259 | D:1      | Reached XP level 2. HP: 10/17 MP: 2/2
   719 | D:1      | Reached skill level 1 in Armour
   719 | D:1      | Reached XP level 3. HP: 20/21 MP: 3/3
  1588 | D:2      | Reached XP level 4. HP: 18/26 MP: 4/4
  1902 | D:2      | Reached skill level 5 in Crossbows
  1923 | D:2      | Found a faded altar of an unknown god.
  2409 | D:3      | Reached XP level 5. HP: 21/30 MP: 5/5
  2735 | D:3      | Reached skill level 6 in Crossbows
  3177 | D:4      | Found Hotuilie's Armour Shop.
  3257 | D:4      | Found an iron altar of Okawaru.
  3265 | D:4      | Became a worshipper of Warmaster Okawaru
  3296 | D:4      | Noticed Sigmund
  3330 | D:4      | Killed Sigmund
  3330 | D:4      | Reached * piety under Okawaru
  3330 | D:4      | Reached skill level 7 in Crossbows
  3330 | D:4      | Reached XP level 6. HP: 23/35 MP: 6/6
  3471 | D:4      | Found a sparkling altar of Nemelex Xobeh.
  3714 | D:4      | Noticed Grinder
  3733 | D:4      | Killed Grinder
  3733 | D:4      | Reached XP level 7. HP: 26/41 MP: 7/7
  3771 | D:4      | Found a staircase to the Ecumenical Temple.
  3774 | D:4      | Noticed Menkaure
  3789 | D:4      | Killed Menkaure
  4058 | D:5      | Entered Level 5 of the Dungeon
  4260 | D:5      | Reached skill level 8 in Crossbows
  4395 | D:5      | Noticed Duvessa
  4412 | D:5      | Killed Duvessa
  4412 | D:5      | Reached ** piety under Okawaru
  4412 | D:5      | Reached XP level 8. HP: 46/48 MP: 8/8
  4418 | D:5      | Noticed Dowan
  4432 | D:5      | Killed Dowan
  4894 | D:5      | Gained mutation: You are robust. (+10% HP) [potion of mutation]
  4894 | D:5      | Gained mutation: Your flesh is heat resistant. (rF+) [potion of mutation]
  4894 | D:5      | Gained mutation: Your skin changes colour to match your surroundings (Stealth+). [potion of mutation]
  4928 | D:5      | Reached skill level 5 in Fighting
  6176 | D:6      | Reached skill level 9 in Crossbows
  6176 | D:6      | Reached XP level 9. HP: 60/60 MP: 9/9
  6246 | D:6      | Got a pitted leather armour
  6247 | D:6      | Identified the +0 leather armour of Figexetu {rElec Int+5 Slay-4} (You found it on level 6 of the Dungeon)
  6441 | D:6      | Reached *** piety under Okawaru
  6567 | D:7      | Noticed Laan's ghost (novice GrWz)
  6695 | D:7      | Killed Laan's ghost
  6695 | D:7      | Reached skill level 5 in Dodging
  6715 | D:7      | Found Vetz's Food Emporium.
  7223 | D:7      | Reached skill level 10 in Crossbows
  7579 | D:7      | Reached **** piety under Okawaru
  7579 | D:7      | Reached skill level 5 in Armour
  7822 | D:7      | Reached XP level 10. HP: 25/69 MP: 10/10
  8211 | D:8      | Found an oddly glowing altar of Pakellas.
  8211 | D:8      | Noticed an ice dragon
  8319 | D:8      | Found a shadowy altar of Dithmenos.
  8319 | D:8      | Found a basalt altar of Yredelemnul.
  8320 | D:8      | Found a stormy altar of Qazlal.
  8774 | D:8      | Noticed Grum
  9007 | D:8      | Killed Grum
  9133 | D:8      | Got a fine hat
  9134 | D:8      | Identified the +2 hat of Existentialism {SInv} (You found it on level 8 of the Dungeon)
  9324 | D:8      | Received a gift from Okawaru
  9563 | D:8      | Found a snail-covered altar of Cheibriados.
  9812 | D:9      | Found a staircase to the Lair.
  9840 | D:9      | Reached skill level 11 in Crossbows
  9888 | D:9      | Noticed Erolcha
 10090 | D:9      | Killed Erolcha
 10131 | D:9      | Reached ***** piety under Okawaru
 10555 | D:9      | Found a sacrificial altar of Ru.
 10584 | D:10     | Entered Level 10 of the Dungeon
 10584 | D:10     | Noticed a hill giant
 10678 | D:10     | Killed a hill giant
 10864 | D:10     | Noticed a griffon
 10885 | D:10     | Killed a griffon
 10885 | D:10     | Received a gift from Okawaru
 11017 | D:10     | Noticed a hill giant
 11028 | D:10     | Killed a hill giant
 11028 | D:10     | Received a gift from Okawaru
 11028 | D:10     | Reached skill level 12 in Crossbows
 11028 | D:10     | Reached XP level 11. HP: 32/73 MP: 11/11
 11287 | D:10     | Noticed a hill giant
 11295 | D:10     | Killed a hill giant
 11295 | D:10     | Received a gift from Okawaru
 11441 | D:10     | Found a portal to a secret trove of treasure.
 11512 | D:10     | Noticed Snorg
 11521 | D:10     | Killed Snorg
 11910 | D:11     | Noticed krfreak's ghost (journeyman TrWr)
 11933 | D:11     | Noticed an unseen horror
 11933 | D:11     | Slain by krfreak's ghost

Vault maps used:
D:1:      mainiacjoe_arrival_reflecting_pool, hangedman_feature_mirror
D:2:      ecumenical_altar_2
D:4:      okawaru_trees_1, nemelex_xobeh_ov_fountains_minmay,
          minmay_temple_entry_mist, serial_shops, nicolae_shop_waterfront,
          uniq_menkaure, uniq_sigmund, uniq_grinder
D:5:      first_bread, minmay_misc_feat_cross, uniq_duvessa
D:6:      minmay_fountain_box
D:7:      serial_shops, kennysheep_mini_moat, grunt_ogre_cave
D:8:      gammafunk_pakellas_cloud_experiment,
          nicolae_overflow_quartered_altars, uniq_grum
D:9:      nicolae_ru_path_of_blood, dpeg_oklobed_lair, uniq_erolcha
D:10:     nicolae_trove_entry_crossroad, minmay_holes, uniq_snorg
D:11:     serial_shops, shop, uniq_maud, uniq_harold

Skill      XL: |  1  2  3  4  5  6  7  8  9 10 |
---------------+-------------------------------+-----
Armour         | 1 2 5 9 |  9.6
Crossbows      | 5 7 8 9 10 12 | 12.4
Fighting       | 3 4 6 7 |  7.9
Dodging        | 2 3 4 5 |  5.0
Short Blades   | |  0.6
Stealth        | |  1.1

Action                   |  1- 3 |  4- 6 |  7- 9 | 10-12 || total
-------------------------+-------+-------+-------+-------++-------
Melee: Short sword       |   167 |   170 |   271 |   288 ||   896
       Dagger            |       |    25 |    88 |       ||   113
 Fire: Hand crossbow     |    10 |    25 |    21 |   134 ||   190
Invok: Heroism           |       |       |       |     6 ||     6
Evoke: Wand              |       |       |     8 |       ||     8
  Use: Scroll            |     4 |     8 |     6 |     4 ||    22
       Potion            |     2 |     4 |     4 |     4 ||    14
  Eat: Chunk             |     2 |     8 |    14 |    12 ||    36
       Fruit             |       |       |       |     2 ||     2
Armor: Leather armour    |    86 |    58 |       |       ||   144
       Ring mail         |       |    27 |   147 |   209 ||   383
Dodge: Dodged            |   133 |   176 |   217 |   267 ||   793
